 Dungeon Sprint DCSS version 0.31-a0-716-gc7603755dd (webtiles) character file.

Game seed: 3926103255720578363

130 rocky1 the Slasher (level 5, -1/41 HPs)
             Began as a Djinni Gladiator on Sept 11, 2023.
             Slain by a deep elf pyromancer
             ... wielding a +0 long sword of holy wrath
              (10 damage)
             ... in the Dungeon (Sprint III: "The Ten Rune Challenge").
             The game lasted 00:01:17 (250 turns).

rocky1 the Slasher (Djinni Gladiator)                Turns: 250, Time: 00:01:18

Health: -1/41      AC:  4    Str: 13    XL:     5   Next: 36%
Gold:   11         EV: 14    Int: 10    God:
                   SH:  0    Dex: 16

rFire   + + .        a - +0 long sword
rCold   x . .        (no shield)
rNeg    . . .        b - +0 leather armour
rPois   ∞            c - +0 helmet
rElec   .            (no cloak)
rCorr   .            (no gloves)
SInv    .            (boots unavailable)
Will    .....        (no amulet)
Stlth   +            (no ring)
HPRegen 0.26/turn    (no ring)
MPRegen 0.00/turn

%: no teleportation, infuse magic (-2 HP)
@: flying
A: sickness immunity, fire resistance 2, cold vulnerability 1, float, innate
caster, HP casting, extra vitality 1
a: no special abilities


You were in the Dungeon.
You visited 1 branch You collected 11 gold pieces.

Inventory:

Hand Weapons
 a - a +0 long sword (weapon)
Missiles
 d - a throwing net (quivered)
 e - a javelin
Armour
 b - a +0 leather armour (worn)
 c - a +0 helmet (worn)
Potions
 f - a potion of curing
 g - a potion of heal wounds
 h - a potion of haste
 k - a potion of magic {unknown}


   Skills:
 + Level 3.9 Fighting
 + Level 6.6 Long Blades
 + Level 2.8 Throwing
 + Level 0.9 Armour
 + Level 6.5 Dodging
 + Level 0.7 Stealth


You knew the following spells:

 Your Spells              Type           Power      Damage    Failure   Level
a - Freeze                Ice            0%         1d3       43%         1
b - Scorch                Fire           0%         2d5       58%         2
Your spell library was empty.

Dungeon Overview and Level Annotations

Branches:
Dungeon (1/1)

Altars:
Elyvilon
Zin
The Shining One


Innate Abilities, Weirdness & Mutations

You are immune to sickness and miasma.
You are immune to poison.
Your flesh is very heat resistant. (rF++)
You are vulnerable to cold. (rC-)
You float through the air rather than walking.
You learn spells naturally, not from books.
Your magical power is your life essence.
You have superior vitality. (+4 MHP)


Message History

The deep elf pyromancer hits you with a +0 long sword of holy wrath.
You barely miss the deep elf pyromancer.
The deep elf pyromancer hits you with a +0 long sword of holy wrath.
You slash the deep elf pyromancer!
The deep elf pyromancer is moderately wounded.
The deep elf pyromancer misses you.
You hit the deep elf pyromancer.
The deep elf pyromancer is moderately wounded.
The deep elf pyromancer hits you with a +0 long sword of holy wrath.
You barely miss the deep elf pyromancer.
The deep elf pyromancer is moderately wounded.
The deep elf pyromancer hits you with a +0 long sword of holy wrath!
You barely miss the deep elf pyromancer.
The deep elf pyromancer is moderately wounded.
The deep elf pyromancer hits you with a +0 long sword of holy wrath.
You barely miss the deep elf pyromancer.
The deep elf pyromancer is moderately wounded.
The deep elf pyromancer casts a spell at you.
The bolt of fire hits you. You resist.
You closely miss the deep elf pyromancer.
The deep elf pyromancer is moderately wounded.
The deep elf pyromancer gestures at you while chanting.
The bolt of fire misses you.
The deep elf pyromancer mumbles some strange words.
You hit the deep elf pyromancer.
The deep elf pyromancer is heavily wounded.
The fire elemental misses you.
The deep elf pyromancer hits you with a +0 long sword of holy wrath.
You hit the deep elf pyromancer but do no damage.
The deep elf pyromancer is heavily wounded.
The fire elemental hits you. The fire elemental burns you! You resist.
* * * LOW HITPOINT WARNING * * *
The fire elemental misses you.
The deep elf pyromancer mumbles some strange words.
The deep elf pyromancer blinks!
Blink to where?
Press: ? - help, Dir - move target
As you read the scroll of blinking, it crumbles to dust.
The deep elf pyromancer hits you with a +0 long sword of holy wrath!
You die...

▓▓▓▓ ▓▓▓ .♣.♣♣
♣.##### ..♣.♣ ♣.#___#
....♣ ♣♣.#!.☼#
..~.♣♣♣..###E#+###+##
.~~♣.♣♣..#..○§E.@e..#
~~~~...♣.'.⌠.°......#
~≈≈~~~♣♣.#...######+#
~≈†~~....#.⌠.# ..#
≈~~~.....#...# ...#
~~.......#+### #...#
.........# #...+
.........# +..J#
▓▓▓▓▓▓▓▓▓▓ ▓▓▓▓▓


You could see a deep elf pyromancer and 2 fire elementals.

Vanquished Creatures
  A water elemental (D)
  Crazy Yiuf (D)
  Jessica (D)
  A human (D)
  An endoplasm (D)
  2 rats (D)
7 creatures vanquished.

Notes
Turn   | Place    | Note
-------+----------+-------------------------------------------
     0 | D        | rocky1 the Djinni Gladiator began the quest for the Orb.
     0 | D        | Reached XP level 1. HP: 18/18 MP: 0/0
    14 | D        | Noticed Jessica
    18 | D        | Killed Jessica
    19 | D        | Reached skill level 5 in Dodging
    19 | D        | Reached XP level 2. HP: 21/24 MP: 0/0
    19 | D        | Reached XP level 3. HP: 25/29 MP: 0/0
    19 | D        | Learned a level 1 spell: Freeze
    53 | D        | Noticed Crazy Yiuf
    68 | D        | Killed Crazy Yiuf
    69 | D        | Reached skill level 5 in Long Blades
    69 | D        | Reached XP level 4. HP: 14/35 MP: 0/0
   169 | D        | Noticed a water elemental
   174 | D        | Killed a water elemental
   175 | D        | Reached XP level 5. HP: 41/41 MP: 0/0
   175 | D        | Learned a level 2 spell: Scorch
   238 | D        | Found a glowing silver altar of Zin.
   238 | D        | Found a glowing golden altar of the Shining One.
   238 | D        | Found a white marble altar of Elyvilon.
   238 | D        | Noticed a deep elf pyromancer
   248 | D        | Noticed a fire elemental
   248 | D        | Noticed a fire elemental
   250 | D        | Slain by a deep elf pyromancer

Illustrated notes

Levels and vault maps discovered:
D:        dungeon_sprint_mu [sprint_mu_entry_forest, sprint_mu_temple_rooms,
          sprint_mu_d1_horrors, sprint_mu_d2_genie, sprint_mu_d3_branching,
          sprint_mu_orc_legion, sprint_mu_elf_gauntlet, sprint_mu_hive_nellie,
          sprint_mu_lair_fedhas, sprint_mu_vaults_butterflies,
          sprint_mu_slime_circle, sprint_mu_shoals_archi,
          sprint_mu_snake_twists, sprint_mu_blade_basic,
          sprint_mu_crypt_chambers, sprint_mu_tomb_spiral,
          sprint_mu_vestibule_basic, sprint_mu_gehenna_hellfire,
          sprint_mu_dis_giant, sprint_mu_tartarus_statrot,
          sprint_mu_cocytus_islands, sprint_mu_zot1]

Skill      XL: |  1  2  3  4 |
---------------+-------------+-----
Long Blades    | 4 5 6 |  6.6
Throwing       | 2 |  2.8
Dodging        | 5 6 |  6.5
Fighting       | 3 |  3.9
Armour         | |  0.9
Stealth        | |  0.7

Action                     |  1- 3 |  4- 6 || total
---------------------------+-------+-------++-------
  Melee: Long sword        |    14 |    26 ||    40
  Throw: Throwing net      |     1 |     1 ||     2
    Use: Potion            |       |     1 ||     1
         Scroll            |       |     1 ||     1
   Stab: Held in net/web   |     1 |       ||     1
 Armour: Leather armour    |     6 |    12 ||    18
  Dodge: Dodged            |     2 |     7 ||     9

Table legend: (Time is in decaauts)
 A = Elapsed time spent in this place.
 B = Non-inter-level travel time spent in this place.
 C = Inter-level travel time spent in this place.
 D = Time resting spent in this place.
 E = Time spent auto-exploring this place.
 F = Levels seen in this place.
 G = Mean time per level.
                   A        B        C        D        E       F      G
               +--------+--------+--------+--------+--------+-----+--------+
         Total |    264 |    264 |      0 |    117 |      0 |   1 |  264.0 |
       Dungeon |    264 |    264 |      0 |    117 |      0 |   1 |  264.0 |
               +--------+--------+--------+--------+--------+-----+--------+

Top non-repeatable levels by time:
       D: 264 daAuts
